Map: Catalyst LE

Players

Gemini

  • Race: Protoss Protoss
  • League: Grandmaster
  • Spawn Location: 11:00

A.I. 1 (Very Easy) - Winner!

  • Race: Zerg Zerg
  • Spawn Location: 5:00

VOD

Have the link to the VOD?

Description

Time

  • Played on: Jan. 10, 2018, 11:13 p.m.
  • Length: 7:04
Show
View Real Time Build Order
Export as new Build Order

Gemini Protoss 

Build Orders: 1 Gate Expand, Oracle Opening, Phoenix Opening 

Get SALT Encoding   

  12  0:01  Probe  
  13  0:13  Probe  
  14  0:19  Pylon  
  14  0:25  Probe  
  15  0:37  Probe (Chrono Boost)  
  15  0:41  Gateway  
  16  0:47  Probe (Chrono Boost)  
  16  0:48  Assimilator  
  17  0:52  Probe (Chrono Boost)  
  18  1:04  Probe  
  19  1:16  Probe  
  20  1:25  Nexus  
  20  1:35  Cybernetics Core  
  20  1:38  Probe  
  21  1:43  Assimilator  
  21  1:50  Probe  
  21  1:53  Pylon  
  22  2:02  Probe  
  23  2:10  Adept (Chrono Boost)  
  23  2:12  Warp Gate  
  23  2:14  Probe  
  26  2:26  Probe (Chrono Boost)  
  26  2:28  Adept (Chrono Boost)  
  29  2:36  Stargate  
  30  2:37  Probe (Chrono Boost)  
  31  2:44  Probe (Chrono Boost)  
  31  2:46  Probe (Chrono Boost)  
  31  2:51  Probe x2 (Chrono Boost)  
  34  3:02  Probe  
  34  3:03  Probe  
  36  3:14  Probe  
  36  3:15  Probe  
  36  3:17  Oracle (Chrono Boost)  
  38  3:23  Pylon  
  38  3:26  Probe  
  42  3:27  Probe  
  42  3:29  Pylon  
  42  3:33  Gateway  
  43  3:39  Probe x2, Robotics Facility  
  45  3:47  Phoenix  
  47  3:52  Probe x2  
  49  3:57  Gateway  
  49  4:01  Assimilator  
  49  4:03  Assimilator  
  49  4:04  Probe x2  
  51  4:15  Twilight Council  
  51  4:16  Probe  
  51  4:17  Probe  
  53  4:26  Warp Prism  
  53  4:30  Pylon  
  55  4:38  Sentry  
  55  4:39  Sentry  
  55  4:44  Nexus  
  59  4:46  Resonating Glaives (Chrono Boost), Pylon  
  59  4:51  Probe, Sentry  
  62  4:57  Pylon  
  62  4:59  Immortal (Chrono Boost)  
  66  5:11  Gateway  
  66  5:12  Gateway  
  66  5:15  Gateway  
  66  5:20  Sentry x2  
  70  5:24  Immortal  
  74  5:36  Pylon  
  74  5:37  Sentry  
  74  5:42  Gateway  
  76  5:43  Gateway  
  76  5:45  Pylon  
  76  5:52  Adept x2  
  80  6:08  Adept  
  80  6:10  Observer  
  83  6:13  Adept  
  83  6:14  Adept x4  
  93  6:19  Pylon  
  93  6:23  Pylon  
  93  6:31  Adept  
  95  6:35  Adept x3  
  95  6:37  Adept  
  103  6:40  Adept  
  105  6:54  Adept x3  
  105  6:56  Adept  
  105  6:57  Adept  
Show
View Real Time Build Order
Export as new Build Order

A.I. 1 (Very Easy) Zerg - Winner!

Build Orders: Pool Only 

Get SALT Encoding   

  12  0:01  Drone  
  13  0:12  Overlord  
  13  0:17  Drone  
  14  0:36  Spawning Pool  
  14  0:39  Extractor  
  14  0:40  Drone  
  13  0:47  Drone  
  14  0:53  Overlord  
  14  1:24  Zergling x2, Queen  
  17  1:33  Roach Warren  
  17  1:35  Extractor  
  17  1:39  Drone  
  16  1:42  Zergling x2  
  16  1:46  Drone  
  18  2:00  Zergling x2  
  18  2:01  Drone  
  20  2:11  Drone  
  21  2:22  Drone  
  22  2:31  Drone  
  22  2:33  Overlord  
  23  2:38  Drone  
  24  2:45  Drone  
  25  5:43  Drone  
  25  5:44  Lair, Roach  
  28  5:50  Drone  
  29  5:57  Drone  
  29  5:58  Overlord  
  30  6:04  Drone  
  31  6:12  Drone  
  30  6:19  Drone  
  30  6:24  Ravager  
  30  6:25  Zergling x2  
  32  6:44  Overseer x2  
Tags
 
Add a new tag
Caveats
  • Supply blocks, unpowered buildings, or Contaminate may cause inaccurate times.
  • Supply counts are checked every 10 seconds.